 Dungeon Crawl Stone Soup version 0.25.0-11-g1f837a76a1 (webtiles) character file.

Game seed: 15488343612257582079

12141 DungeonDestroyer the Blocker (level 11, 0/89 HPs)
             Began as a Gnoll Fighter on June 24, 2020.
             Was a High Priest of Okawaru.
             Slain by a minotaur
             ... wielding a +2 great mace of holy wrath
              (15 damage)
             ... in a Gauntlet.
             The game lasted 00:26:49 (13330 turns).

DungeonDestroyer the Blocker (Gnoll Fighter)       Turns: 13330, Time: 00:26:50

Health: 0/89       AC: 18    Str: 30    XL:     11   Next: 88%
Magic:  20/20      EV: 17    Int:  7    God:    Okawaru [*****.]
Gold:   418        SH: 13    Dex: 19    Spells: 23/23 levels left

rFire    . . .     SeeInvis +   E - +4 war axe
rCold    . . .     Gourm    .   c - +0 kite shield
rNeg     . . .     Faith    .   t - +4 chain mail of Magic {rCorr Int-5 SInv Stlth+}
rPois    .         Spirit   .   y - +0 helmet "Zaofux" {Str+6 Dex-5}
rElec    .         Reflect  .   A - scarf {+Inv}
rCorr    +         Harm     .   P - +0 pair of gloves {Dex+3}
MR       .....     NoTele   +   (no boots)
Stlth    ++........             (no amulet)
HPRegen  0.24/turn              I - +4 ring of evasion
MPRegen  0.17/turn              B - ring of Tyuruyw {Wiz Str+4 Dex+6}

@: very slightly contaminated, invisible
A: distributed training, fangs 1, strong nose
a: Heroism, Finesse, Renounce Religion


You were in a Gauntlet.
You worshipped Okawaru.
Okawaru was extremely pleased with you.
You were full.

You visited 3 branches of the dungeon, and saw 13 of its levels.
You also visited: Gauntlet.

You collected 490 gold pieces.
You spent 72 gold pieces at shops.

Inventory:

Hand Weapons
 E - a +4 war axe (weapon)
Missiles
 g - 101 sling bullets
 h - 124 arrows
 l - 256 stones (quivered)
 q - 22 poisoned darts
 x - 10 boomerangs
 z - 3 silver boomerangs
 F - 39 bolts
 J - 2 curare-tipped darts
Armour
 b - a scarf of resistance
 c - a +0 kite shield (worn)
 t - the +4 chain mail of Magic (worn) {rCorr Int-5 SInv Stlth+}
   (You found it on level 4 of the Dungeon)

   It affects your intelligence (-5).
   It lets you see invisible.
   It provides partial protection from all sources of acid and corrosion.
   It makes you more stealthy.
 y - the +0 helmet "Zaofux" (worn) {Str+6 Dex-5}
   (You found it on level 5 of the Dungeon)

   It affects your strength (+6).
   It affects your dexterity (-5).
 A - a scarf of invisibility (worn)
 P - a +0 pair of gloves of dexterity (worn)
Jewellery
 k - an uncursed ring of positive energy
 o - an uncursed ring of poison resistance
 B - the ring of Tyuruyw (right hand) {Wiz Str+4 Dex+6}
   (You found it in a Gauntlet)

   [ring of wizardry]

   It improves your spell success rate.
   It affects your strength (+4).
   It affects your dexterity (+6).
 I - a +4 ring of evasion (left hand)
Wands
 a - a wand of disintegration (12)
 s - a wand of flame (53)
 H - a wand of polymorph (4)
 N - a wand of digging (5)
 O - a wand of random effects (17)
Scrolls
 i - 3 scrolls of remove curse
 m - 2 scrolls of enchant weapon
 r - a scroll of identify
 u - a scroll of fog
 w - a scroll of immolation
 C - 2 scrolls of magic mapping
 D - 3 scrolls of blinking
 L - 3 scrolls of teleportation
Potions
 d - a potion of might
 e - 2 potions of brilliance
 j - 3 potions of curing
 n - a potion of heal wounds
 p - a potion of flight
 v - a potion of cancellation
 G - 3 potions of stabbing
Comestibles
 f - 10 rations


   Skills:
 + Level 9.3 Fighting
 + Level 6.6 Short Blades
 + Level 6.6 Long Blades
 + Level 8.1 Axes
 + Level 6.6 Maces & Flails
 + Level 6.6 Polearms
 + Level 6.6 Staves
 + Level 6.6 Slings
 + Level 6.6 Bows
 + Level 6.6 Crossbows
 + Level 6.6 Throwing
 + Level 9.3 Armour
 + Level 6.6 Dodging
 + Level 6.6 Stealth
 + Level 9.3 Shields
 + Level 6.6 Unarmed Combat
 + Level 6.6 Spellcasting
 + Level 5.4 Conjurations
 + Level 5.4 Hexes
 + Level 5.4 Charms
 + Level 5.4 Summonings
 + Level 5.4 Necromancy
 + Level 5.4 Translocations
 + Level 5.4 Transmutations
 + Level 5.4 Fire Magic
 + Level 5.4 Ice Magic
 + Level 5.4 Air Magic
 + Level 5.4 Earth Magic
 + Level 5.4 Poison Magic
 + Level 7.2 Invocations
 + Level 6.6 Evocations


You had 23 spell levels left.
You didn't know any spells.
Your spell library contained the following spells:

 Spells                   Type           Power        Failure   Level  Hunger
 Animate Skeleton         Necr           N/A          9%          1    #......
 Corona                   Hex            #......      9%          1    #......
 Pain                     Necr           #...         9%          1    #......
 Corpse Rot               Necr/Air       N/A          13%         2    ##.....
 Slow                     Hex            #.......     13%         2    ##.....
 Sublimation of Blood     Necr           #.........   13%         2    ##.....
 Inner Flame              Hex/Fire       #.......     26%         3    ###....
 Portal Projectile        Hex/Tloc       #.....       26%         3    ###....
 Vampiric Draining        Necr           #.........   26%         3    ###....
 Animate Dead             Necr           N/A          61%         4    #####..
 Cause Fear               Hex            #.........   61%         4    #####..
 Dispel Undead            Necr           #.......     61%         4    #####..
 Leda's Liquefaction      Hex/Erth       #.........   61%         4    #####..
 Agony                    Necr           #.......     90%         5    ######.
 Excruciating Wounds      Chrm/Necr      #.........   90%         5    ######.


Dungeon Overview and Level Annotations

Branches:
Dungeon (10/15)            Temple (1/1) D:5            Lair (2/6) D:9
 Shoals (0/4) Lair:2      Gauntlet (1/1)
  Snake: Lair:2-4    Spider: Lair:2-4       Orc: D:9-12

Altars:
Ashenzari
Cheibriados
Dithmenos
Elyvilon
Fedhas
Gozag
Hepliaklqana
Kikubaaqudgha
Makhleb
Nemelex Xobeh
Okawaru
Qazlal
Ru
Trog
Uskayaw
Vehumet
Wu Jian
Xom
Yredelemnul
Zin
The Shining One

Shops:
D:4 *

Annotations:
D:9 2 transporters, Ilusith's ghost, journeyman FoFi
Lair:1 1 runed translucent door, Delamore's ghost, journeyman GrFi Gauntlet 8 transporters, 2 runed translucent doors


Innate Abilities, Weirdness & Mutations

Your experience applies equally to all skills.
You have very sharp teeth.
Your uncanny sense of smell can sniff out nearby items.


Message History

The minotaur is moderately wounded.
The minotaur barely misses you. You block the minotaur's attack.
You hit the minotaur.
The minotaur is moderately wounded.
You barely miss the minotaur.
The minotaur is moderately wounded.
The minotaur hits you with a +2 great mace of holy wrath!!
The minotaur gores you.
You strike the helpless minotaur from behind!
You slash the minotaur!
The minotaur is heavily wounded.
You block the minotaur's attack. The minotaur gores you.
You hit the minotaur but do no damage.
The minotaur is heavily wounded.
The minotaur throws a javelin.
The javelin pierces through you!!
* * * LOW HITPOINT WARNING * * *
You completely miss the minotaur.
The minotaur is heavily wounded.
The minotaur hits you with a +2 great mace of holy wrath!
You die...

####### #≈≈≈≈≈#
#≈≈∩≈≈# #≈H..≈#
###@### #...(.#
#######'#######
#.............#
#.###.###.###.#
#.###.###.###.#
#.............#
###.###.###.###
###.###.###.###


You could see a minotaur.

Vanquished Creatures
  A hell beast (Gauntlet)
  A two-headed ogre (D:9)
  A fire crab (D:9)
  A gargoyle (D:8)
  2 spiny frogs
  2 komodo dragons (Lair:1)
  3 meliai (Gauntlet)
  3 hippogriffs
  12 yaks
  A hungry ghost (D:8)
  A hell hound (Gauntlet)
  A water moccasin (Lair:1)
  2 porcupines (Lair:2)
  4 ice beasts
  3 black bears
  2 orc warriors
  2 sky beasts
  2 necrophages
  9 ogres
  2 crocodiles (Lair:1)
  2 centaurs
  2 big kobolds (D:9)
  5 bullfrogs
  A wyvern skeleton (D:6)
  2 scorpions
  9 killer bees (D:9)
  5 howler monkeys
  10 wights
  2 electric eels (D:8)
  5 crimson imps
  A bullfrog zombie (D:7)
  5 hounds
  2 jellies (D:8)
  10 orc priests
  2 bullfrog skeletons
  5 orc wizards
  A centaur skeleton (D:8)
  3 iguanas
  6 worker ants
  A hound zombie (D:7)
  A worker ant zombie (D:7)
  4 gnolls (D:9)
  8 adders
  2 shadow imps
  2 oozes (D:4)
  3 worms
  3 dart slugs
  4 leopard geckos
  32 orcs
  A ball python (D:2)
  2 giant cockroaches (D:2)
  5 goblins
  8 hobgoblins
  8 jackals
  2 quokkas
  7 bats
  9 frilled lizards
  3 jackal skeletons
  18 kobolds
  2 leopard gecko skeletons
  2 quokka skeletons
  11 rats
271 creatures vanquished.

Vanquished Creatures (others)
  2 fungi (Gauntlet)
  A plant (D:8)
3 creatures vanquished.

Grand Total: 274 creatures vanquished

Notes
Turn   | Place    | Note
-------+----------+-------------------------------------------
     0 | D:1      | DungeonDestroyer the Gnoll Fighter began the quest for the
                  | Orb.
     0 | D:1      | Reached XP level 1. HP: 23/23 MP: 1/1
   129 | D:1      | Reached XP level 2. HP: 26/29 MP: 2/2
   641 | D:1      | Reached XP level 3. HP: 30/35 MP: 3/3
  1032 | D:2      | Reached skill level 1 in Invocations
  1080 | D:2      | Found a hide-covered altar of Uskayaw.
  1346 | D:2      | Reached skill level 1 in Short Blades
  1346 | D:2      | Reached skill level 1 in Long Blades
  1346 | D:2      | Reached skill level 1 in Maces & Flails
  1346 | D:2      | Reached skill level 1 in Polearms
  1346 | D:2      | Reached skill level 1 in Staves
  1346 | D:2      | Reached skill level 1 in Slings
  1346 | D:2      | Reached skill level 1 in Bows
  1346 | D:2      | Reached skill level 1 in Crossbows
  1346 | D:2      | Reached skill level 1 in Throwing
  1346 | D:2      | Reached skill level 1 in Dodging
  1346 | D:2      | Reached skill level 1 in Stealth
  1346 | D:2      | Reached skill level 1 in Unarmed Combat
  1346 | D:2      | Reached skill level 1 in Spellcasting
  1346 | D:2      | Reached skill level 1 in Evocations
  1370 | D:2      | Reached XP level 4. HP: 36/41 MP: 5/5
  1478 | D:2      | Found a hazy altar of Hepliaklqana.
  1478 | D:2      | Found a basalt altar of Yredelemnul.
  1630 | D:2      | Found a snail-covered altar of Cheibriados.
  2319 | D:3      | Reached skill level 1 in Conjurations
  2319 | D:3      | Reached skill level 1 in Hexes
  2319 | D:3      | Reached skill level 1 in Charms
  2319 | D:3      | Reached skill level 1 in Summonings
  2319 | D:3      | Reached skill level 1 in Necromancy
  2319 | D:3      | Reached skill level 1 in Translocations
  2319 | D:3      | Reached skill level 1 in Transmutations
  2319 | D:3      | Reached skill level 1 in Fire Magic
  2319 | D:3      | Reached skill level 1 in Ice Magic
  2319 | D:3      | Reached skill level 1 in Air Magic
  2319 | D:3      | Reached skill level 1 in Earth Magic
  2319 | D:3      | Reached skill level 1 in Poison Magic
  2335 | D:3      | Reached XP level 5. HP: 18/47 MP: 6/6
  3201 | D:4      | Reached XP level 6. HP: 53/53 MP: 8/8
  3205 | D:4      | You fall into a shaft and drop 1 floor!
  3205 | D:5      | Entered Level 5 of the Dungeon
  3300 | D:5      | Noticed an ice beast
  3325 | D:5      | Killed an ice beast
  3325 | D:5      | Reached skill level 5 in Axes
  3393 | D:4      | Found a blossoming altar of Fedhas.
  3512 | D:4      | Reached XP level 7. HP: 13/59 MP: 10/10
  3765 | D:4      | Found Qyhoishra's Assorted Antiques.
  3857 | D:4      | Bought a scroll labeled GIUVOKLUAB for 24 gold pieces
  3857 | D:4      | Bought a scroll of identify for 48 gold pieces
  4150 | D:4      | Got a dazzling chain mail
  4162 | D:4      | Identified the +4 chain mail of Magic {rCorr Int-5 SInv
                  | Stlth+} (You found it on level 4 of the Dungeon)
  4606 | D:5      | Got a bloodstained helmet
  4612 | D:5      | Identified the +0 helmet "Zaofux" {Str+6 Dex-5} (You found
                  | it on level 5 of the Dungeon)
  4650 | D:5      | Found a staircase to the Ecumenical Temple.
  4862 | D:5      | Found an opulent altar of Gozag.
  4942 | Temple   | Entered the Ecumenical Temple
  5181 | Temple   | Became a worshipper of Warmaster Okawaru
  5289 | D:6      | Reached XP level 8. HP: 64/67 MP: 12/12
  5373 | D:6      | Found a glowing golden altar of the Shining One.
  5692 | D:6      | Reached * piety under Okawaru
  6478 | D:7      | Reached XP level 9. HP: 65/72 MP: 14/14
  6485 | D:7      | Reached ** piety under Okawaru
  7642 | D:8      | Found Idwet's Magic Scroll Emporium.
  7954 | D:8      | Reached skill level 5 in Invocations
  7999 | D:8      | Reached *** piety under Okawaru
  8048 | D:8      | Reached XP level 10. HP: 66/80 MP: 17/17
  8180 | D:8      | Noticed a gargoyle
  8225 | D:8      | Killed a gargoyle
  8437 | D:8      | Reached skill level 5 in Short Blades
  8437 | D:8      | Reached skill level 5 in Long Blades
  8437 | D:8      | Reached skill level 5 in Maces & Flails
  8437 | D:8      | Reached skill level 5 in Polearms
  8437 | D:8      | Reached skill level 5 in Staves
  8437 | D:8      | Reached skill level 5 in Slings
  8437 | D:8      | Reached skill level 5 in Bows
  8437 | D:8      | Reached skill level 5 in Crossbows
  8437 | D:8      | Reached skill level 5 in Throwing
  8437 | D:8      | Reached skill level 5 in Dodging
  8437 | D:8      | Reached skill level 5 in Stealth
  8437 | D:8      | Reached skill level 5 in Unarmed Combat
  8437 | D:8      | Reached skill level 5 in Spellcasting
  8437 | D:8      | Reached skill level 5 in Evocations
  9469 | D:9      | Noticed Ilusith's ghost (journeyman FoFi)
  9470 | D:9      | Found a transporter.
  9499 | D:9      | Reached **** piety under Okawaru
  9516 | D:9      | HP: 4/82 [poisoned by a killer bee]
  9519 | D:9      | Received a gift from Okawaru
  9862 | D:9      | Noticed a death yak
  9863 | D:9      | Found a staircase to the Lair.
  9866 | D:9      | Noticed a death yak
 10008 | D:9      | Found a transporter.
 10045 | D:9      | Noticed a death yak
 10063 | D:9      | Noticed a fire crab
 10063 | D:9      | a yak changed into a fire crab
 10101 | D:10     | Entered Level 10 of the Dungeon
 10607 | D:9      | Killed a fire crab
 10607 | D:9      | Reached XP level 11. HP: 40/87 MP: 19/19
 10914 | D:9      | Noticed a two-headed ogre
 10923 | D:9      | Killed a two-headed ogre
 10923 | D:9      | Received a gift from Okawaru
 10951 | D:9      | Found a sacrificial altar of Ru.
 10954 | D:9      | Found a white marble altar of Elyvilon.
 11090 | Lair:1   | Entered Level 1 of the Lair of Beasts
 11148 | Lair:1   | Found a runed translucent door.
 11149 | Lair:1   | Found a shimmering altar of Xom.
 11149 | Lair:1   | Noticed Delamore's ghost (journeyman GrFi)
 11150 | Lair:1   | Noticed a +0 quarterstaff of chaos
 11234 | Lair:1   | Received a gift from Okawaru
 11234 | Lair:1   | Reached skill level 5 in Conjurations
 11234 | Lair:1   | Reached skill level 5 in Hexes
 11234 | Lair:1   | Reached skill level 5 in Charms
 11234 | Lair:1   | Reached skill level 5 in Summonings
 11234 | Lair:1   | Reached skill level 5 in Necromancy
 11234 | Lair:1   | Reached skill level 5 in Translocations
 11234 | Lair:1   | Reached skill level 5 in Transmutations
 11234 | Lair:1   | Reached skill level 5 in Fire Magic
 11234 | Lair:1   | Reached skill level 5 in Ice Magic
 11234 | Lair:1   | Reached skill level 5 in Air Magic
 11234 | Lair:1   | Reached skill level 5 in Earth Magic
 11234 | Lair:1   | Reached skill level 5 in Poison Magic
 11238 | Lair:1   | Reached ***** piety under Okawaru
 11243 | Lair:1   | HP: 3/89 [yak (5)]
 11611 | Lair:1   | Received a gift from Okawaru
 11940 | Lair:1   | Received a gift from Okawaru
 12361 | Lair:2   | Found a gate leading to a gauntlet.
 12540 | Lair:2   | Found a staircase to the Shoals.
 12579 | Gauntlet | Entered a Gauntlet
 12579 | Gauntlet | Found a transporter.
 12586 | Gauntlet | Found a runed translucent door.
 12587 | Gauntlet | Noticed a green death
 12588 | Gauntlet | Found a transporter.
 12589 | Gauntlet | Found a transporter.
 12589 | Gauntlet | Noticed a sixfirhy
 12590 | Gauntlet | Noticed a sixfirhy
 12591 | Gauntlet | Noticed a sixfirhy
 12593 | Gauntlet | Found a transporter.
 12594 | Gauntlet | Found a transporter.
 12595 | Gauntlet | Found a transporter.
 12602 | Gauntlet | Found a transporter.
 12602 | Gauntlet | Noticed a cacodemon
 12602 | Gauntlet | Noticed a swamp dragon
 12603 | Gauntlet | Found a transporter.
 12608 | Gauntlet | a swamp dragon changed into a guardian serpent
 12610 | Gauntlet | Noticed a fire crab
 12610 | Gauntlet | a guardian serpent changed into a fire crab
 12612 | Gauntlet | a fire crab changed into a jumping spider
 12615 | Gauntlet | Noticed a moth of wrath
 12615 | Gauntlet | a jumping spider changed into a moth of wrath
 12618 | Gauntlet | Noticed a swamp dragon
 12618 | Gauntlet | a moth of wrath changed into a swamp dragon
 12621 | Gauntlet | Found a transporter.
 12621 | Gauntlet | Noticed a hell beast
 12621 | Gauntlet | a swamp dragon changed into an eye of devastation
 12639 | Gauntlet | Found a transporter.
 12643 | Gauntlet | Found a transporter.
 12654 | Gauntlet | Found a transporter.
 12696 | Gauntlet | Found a runed translucent door.
 12739 | Gauntlet | Noticed a fire crab
 12819 | Gauntlet | Got a scorched bronze ring
 12823 | Gauntlet | Got a brightly glowing cloak
 12834 | Gauntlet | Identified the cursed +0 cloak of Bufum {-Cast +Fly rElec
                  | Int-5} (You found it in a Gauntlet)
 12834 | Gauntlet | Identified the ring of Tyuruyw {Wiz Str+4 Dex+6} (You found
                  | it in a Gauntlet)
 13077 | Gauntlet | Killed a hell beast
 13319 | Gauntlet | Noticed a minotaur
 13330 | Gauntlet | Slain by a minotaur

Illustrated notes

Levels and vault maps discovered:
D:1:      dpeg_arrival_houses_and_road, layout_loops_ring, minmay_lizard_king
D:2:      layout_basic, gammafunk_temple_overflow_wave,
          eat_drink_and_be_merry_uskayaw, marbit_many_paths,
          kennysheep_minor_cross
D:3:      layout_basic
D:4:      layout_rooms, serial_shops, shop, serial_rivers,
          chequers_serial_rivers_small_a, chequers_serial_rivers_micro_b,
          chequers_serial_rivers_large_a, chequers_serial_rivers_small_b,
          first_ration, fedhas_altar_2
D:5:      layout_basic, kennysheep_little_box, minmay_temple_entry_proselytizer
D:6:      layout_loops_corners, nicolae_overflow_hidden_temple, corexii_shack,
          chequers_serial_rivers_room_a, lightli_orcish_oven
D:7:      layout_basic
D:8:      layout_gridville, serial_bayou, serial_bayou_ford_a,
          serial_bayou_pond_a, serial_bayou_lagoon_a, serial_bayou_pond_c,
          serial_shops, shop_fountains
D:9:      layout_gridville, led_sif_pool, gammafunk_temple_overflow_statue,
          dpeg_lair_monsters, gammafunk_ghost_arena
D:10:     layout_grid_maze
Temple:   oiseaux_autumnal_temple
Lair:1:   layout_hall_layers, ebering_ghost_xom
Lair:2:   layout_gridlike, elwin_shoals_entry_rocks, gauntlet_entry_generic,
          uniq_fannar
Gauntlet: minmay_gauntlet_mixed_oops_all_seconds
          [minmay_gauntlet_arena_77_mirror, gammafunk_gauntlet_arena_chambers,
          minmay_gauntlet_arena_77_shame_cube, nicolae_gauntlet_arena_quarters,
          minmay_gauntlet_arena_77_museum,
          gammafunk_gauntlet_arena_split_diamond, gauntlet_exit_watery]

Skill      XL: |  1  2  3  4  5  6  7  8  9 10 11 |
---------------+----------------------------------+-----
Invocations    | 1 2 3 4 5 6 7 |  7.2
Short Blades   | 1 2 3 4 5 6 |  6.6
Long Blades    | 1 2 3 4 5 6 |  6.6
Maces & Flails | 1 2 3 4 5 6 |  6.6
Polearms       | 1 2 3 4 5 6 |  6.6
Staves         | 1 2 3 4 5 6 |  6.6
Slings         | 1 2 3 4 5 6 |  6.6
Bows           | 1 2 3 4 5 6 |  6.6
Crossbows      | 1 2 3 4 5 6 |  6.6
Throwing       | 1 2 3 4 5 6 |  6.6
Dodging        | 1 2 3 4 5 6 |  6.6
Stealth        | 1 2 3 4 5 6 |  6.6
Unarmed Combat | 1 2 3 4 5 6 |  6.6
Spellcasting   | 1 2 3 4 5 6 |  6.6
Evocations     | 1 2 3 4 5 6 |  6.6
Conjurations   | 1 2 3 4 5 |  5.4
Hexes          | 1 2 3 4 5 |  5.4
Charms         | 1 2 3 4 5 |  5.4
Summonings     | 1 2 3 4 5 |  5.4
Necromancy     | 1 2 3 4 5 |  5.4
Translocations | 1 2 3 4 5 |  5.4
Transmutations | 1 2 3 4 5 |  5.4
Fire Magic     | 1 2 3 4 5 |  5.4
Ice Magic      | 1 2 3 4 5 |  5.4
Air Magic      | 1 2 3 4 5 |  5.4
Earth Magic    | 1 2 3 4 5 |  5.4
Poison Magic   | 1 2 3 4 5 |  5.4
Axes           | 5 6 7 8 |  8.1
Fighting       | 7 8 9 |  9.3
Armour         | 7 8 9 |  9.3
Shields        | 7 8 9 |  9.3

Action                   |  1- 3 |  4- 6 |  7- 9 | 10-12 || total
-------------------------+-------+-------+-------+-------++-------
Melee: War axe           |   111 |   141 |   308 |   352 ||   912
       Bite              |     9 |    14 |    41 |    44 ||   108
 Abil: Evoke Invisibilit |       |       |       |     1 ||     1
Evoke: Wand              |       |       |       |     7 ||     7
  Use: Scroll            |     3 |     4 |     5 |     7 ||    19
       Potion            |     2 |     6 |     1 |     6 ||    15
 Stab: Invisible         |       |       |       |     2 ||     2
  Eat: Chunk             |     2 |     7 |     7 |     7 ||    23
       Ration            |       |       |     4 |     4 ||     8
Armor: Scale mail        |    45 |    44 |     4 |       ||    93
       Chain mail        |       |       |   130 |   228 ||   358
Dodge: Dodged            |    25 |    37 |   101 |   183 ||   346
Block: Kite shield       |    71 |   101 |   199 |   292 ||   663
